 Dungeon Crawl Stone Soup version 0.30.1-9-gdf580d7c3d (webtiles) character file.

Game seed: 4343207495295015078

7513 lonewolfV2 the Basher (level 10, -4/92 HPs)
             Began as a Minotaur Fighter on Oct 22, 2023.
             Was a Priest of Dithmenos.
             Killed from afar by an electric eel (9 damage)
             ... with a bolt of electricity
             ... on level 9 of the Dungeon.
             The game lasted 00:18:57 (10694 turns).

lonewolfV2 the Basher (Minotaur Fighter)           Turns: 10694, Time: 00:18:58

Health: -4/92      AC: 12    Str: 27    XL:     10   Next: 95%
Magic:  10/14      EV: 10    Int:  5    God:    Dithmenos [***...]
Gold:   516        SH:  6    Dex: 12    Spells: 9/9 levels left

rFire   . . .        p - +2 hammer "Noep" {venom, rC+ Will+ Str+4}
rCold   + . .        c - +0 buckler
rNeg    + . .        b - +0 scale mail
rPois   .            (helmet restricted)
rElec   .            r - +2 cloak
rCorr   .            (no gloves)
SInv    .            x - +0 pair of boots
Will    +....        (no amulet) Stlth
                     u - ring of positive energy
HPRegen 0.35/turn    (no ring)
MPRegen 0.14/turn

%: no passive effects
@: mighty, wreathed by umbra
A: horns 2, retaliatory headbutt
a: Renounce Religion, Shadow Step


You were on level 9 of the Dungeon.
You worshipped Dithmenos.
Dithmenos was most pleased with you.
You visited 2 branches of the dungeon, and saw 10 of its levels.

You collected 516 gold pieces.

Inventory:

Hand Weapons
 a - a +1 war axe
 p - the +2 hammer "Noep" (weapon) {venom, rC+ Will+ Str+4}
   (You found it on level 3 of the Dungeon)

   Str:       It affects your strength (+4).
   rC:        It protects you from cold.
   Will:      It increases your willpower.
Missiles
 l - a throwing net (quivered)
Armour
 b - a +0 scale mail (worn)
 c - a +0 buckler (worn)
 r - a +2 cloak (worn)
 x - a +0 pair of boots (worn)
Jewellery
 u - a ring of positive energy (left hand)
Wands
 f - a wand of flame (6)
 y - a wand of paralysis (9)
 z - a wand of mindburst (7)
Scrolls
 j - 2 scrolls of teleportation
 k - 4 scrolls of enchant weapon
 s - 4 scrolls of poison
 t - a scroll of enchant armour
 v - a scroll of blinking
 w - 2 scrolls of identify
 A - 2 scrolls of amnesia
Potions
 d - a potion of might
 e - a potion of brilliance
 m - 3 potions of attraction
 n - a potion of flight
 q - 3 potions of mutation


   Skills:
 + Level 9.7 Fighting
 - Level 2.5(7.4) Axes
 - Level 10.9(11.0) Maces & Flails
 + Level 7.6 Armour
 + Level 9.7 Shields
 * Level 7.6 Invocations


You had 9 spell levels left.
You didn't know any spells.
Your spell library contained the following spells:

 Spells                   Type           Power      Damage    Failure   Level
 Sandblast                Erth           0%         2d4       77%         1
 Slow                     Hex            0%         N/A       77%         1
 Passwall                 Tmut/Erth      0%         N/A       88%         2
 Poisonous Vapours        Pois/Air       0%         N/A       88%         2
 Sublimation of Blood     Necr           0%         N/A       88%         2
 Wereblood                Tmut           0%         N/A       88%         2
 Confusing Touch          Hex            0%         N/A       98%         3
 Mephitic Cloud           Conj/Pois/Air  0%         N/A       98%         3
 Stone Arrow              Conj/Erth      0%         3d7       98%         3
 Vampiric Draining        Necr           0%         2d6       98%         3
 Volatile Blastmotes      Fire/Tloc      0%         2d10      98%         3
 Fulminant Prism          Conj/Hex       0%         3d5       100%        4
 Iskenderun's Mystic Bla  Conj/Tloc      0%         2d3       100%        4
 Freezing Cloud           Conj/Ice/Air   0%         6-21      100%        5
 Lee's Rapid Deconstruct  Erth           0%         3d4*      100%        5
 Summon Hydra             Summ           0%         N/A       100%        7


Dungeon Overview and Level Annotations

Branches:
Dungeon (9/15)             Temple (1/1) D:4            Lair (0/5) D:9
    Orc: D:9-12

Altars:
Ashenzari
Cheibriados
Dithmenos
Elyvilon
Fedhas
Gozag
Hepliaklqana
Kikubaaqudgha
Makhleb
Okawaru
Qazlal
Ru
Sif Muna
Trog
Uskayaw
Vehumet
Wu Jian
Xom
Yredelemnul
Zin
The Shining One

Shops:
D:1 [


Innate Abilities, Weirdness & Mutations

You have a pair of horns on your head.
You reflexively headbutt those who attack you in melee.


Message History

The bolt of electricity hits you.
The electric eel shoots out a bolt of lightning at you!
The bolt of electricity hits you. Why would you want to do that?
Aiming: Shadow Step
Press: ? - help, Dir - move target, f - you You cannot target yourself.
Okay, then.
The electric eel shoots out a bolt of lightning at you!
The bolt of electricity hits you!
The electric eel shoots out a bolt of lightning at you!
The bolt of electricity hits you!
You enter the shallow water.
Moving in this stuff is going to be slow.
Why would you want to do that?
The electric eel shoots out a bolt of lightning at you!
The bolt of electricity hits you!
The electric eel shoots out a bolt of lightning at you!
The bolt of electricity hits you!
You enter the shallow water.
Moving in this stuff is going to be slow.
The electric eel shoots out a bolt of lightning at you!
The bolt of electricity hits you!
* * * LOW HITPOINT WARNING * * *
The electric eel shoots out a bolt of lightning at you!
The bolt of electricity hits you!
* * * LOW HITPOINT WARNING * * *
The electric eel shoots out a bolt of lightning at you!
The bolt of electricity misses you.
You feel very mighty all of a sudden.
Aiming: Shadow Step
Press: ? - help, Dir - move target, f - electric eel
Aim: an electric eel (umbra)
You step into the electric eel's shadow.
Your shadow no longer tangibly mimics your actions.
The electric eel shoots out a bolt of lightning at you!
The bolt of electricity hits you.
* * * LOW HITPOINT WARNING * * *
The bolt of electricity hits you!
You die...

##. ... #.# ####..#
########....#####
#..............@#
#......~......S.##
..~....~.~........
.......~≈≈~.~...#.
..~≈~.~.≈≈~≈~...##.
....~~~~≈≈≈≈~~.~#
##
....≈~≈~~~~≈~≈~≈#
..~≈~≈.~.~.≈≈~≈≈#
...≈≈≈....≈~≈≈≈≈#


You could see an electric eel.

Vanquished Creatures
  Erica (D:8)
  A two-headed ogre (D:7)
  Joseph (D:8)
  An unseen horror (D:8)
  A troll (D:9)
  A wraith (D:5)
  2 wyverns
  6 yaks (D:8)
  2 water moccasins (D:5)
  2 orc warriors
  2 black bears (D:6)
  2 ice beasts
  An ogre (D:5)
  2 centaurs
  3 wolves (D:9)
  4 kobold brigands
  A bullfrog (D:7)
  7 wights
  2 scorpions
  14 killer bees
  An electric eel (D:9)
  9 howler monkeys
  5 jellies
  8 hounds
  5 orc priests
  Jessica (D:3)
  4 iguanas
  A sleepcap (D:5)
  11 orc wizards
  9 adders
  An ufetubus (D:5)
  4 worms
  6 dart slugs
  40 orcs
  5 bats
  9 endoplasms
  15 giant cockroaches
  10 goblins
  9 hobgoblins
  2 jackals (D:5)
  33 kobolds
  4 quokkas
  13 ball pythons
  4 frilled lizards
  3 rats
268 creatures vanquished.

Notes
Turn   | Place    | Note
-------+----------+-------------------------------------------
     0 | D:1      | lonewolfV2 the Minotaur Fighter began the quest for the
                  | Orb.
     0 | D:1      | Reached XP level 1. HP: 19/19 MP: 0/0
    65 | D:1      | Reached XP level 2. HP: 27/27 MP: 1/1
   127 | D:1      | Found Fiblumnu's Armour Emporium.
   151 | D:1      | Reached XP level 3. HP: 20/33 MP: 2/2
   812 | D:2      | Reached XP level 4. HP: 41/41 MP: 3/3
   907 | D:2      | You fall into a shaft and drop 1 floor!
  1120 | D:2      | Found a glowing silver altar of Zin.
  1625 | D:3      | Noticed Jessica
  1630 | D:3      | Killed Jessica
  1631 | D:3      | Reached XP level 5. HP: 47/47 MP: 4/4
  1709 | D:3      | Reached skill level 5 in Armour
  1709 | D:3      | Reached skill level 5 in Shields
  1809 | D:3      | Reached skill level 5 in Fighting
  2175 | D:3      | Identified the +2 hammer "Noep" {venom, rC+ Will+ Str+4}
  2367 | D:4      | Found a staircase to the Ecumenical Temple.
  2382 | D:4      | Reached skill level 1 in Maces & Flails
  2391 | Temple   | Entered the Ecumenical Temple
  2538 | Temple   | Became a worshipper of Dithmenos the Shadowed
  3356 | D:5      | Entered Level 5 of the Dungeon
  3373 | D:5      | Reached XP level 6. HP: 49/56 MP: 5/5
  3435 | D:5      | Reached skill level 2 in Maces & Flails
  3444 | D:5      | Reached skill level 3 in Maces & Flails
  3826 | D:5      | Reached XP level 7. HP: 57/62 MP: 6/6
  3857 | D:5      | Reached * piety under Dithmenos
  4038 | D:5      | Reached skill level 4 in Maces & Flails
  4344 | D:5      | Reached skill level 5 in Maces & Flails
  4393 | D:5      | Noticed a wyvern
  4393 | D:5      | Noticed a wraith
  4403 | D:5      | Killed a wraith
  4404 | D:5      | Reached XP level 8. HP: 11/71 MP: 7/7
  4405 | D:5      | Reached skill level 6 in Maces & Flails
  5474 | D:6      | Reached ** piety under Dithmenos
  5536 | D:6      | Reached skill level 7 in Maces & Flails
  5538 | D:6      | Reached skill level 1 in Invocations
  5696 | D:6      | Found a radiant altar of Vehumet.
  6249 | D:6      | Reached XP level 9. HP: 79/79 MP: 9/9
  6776 | D:7      | Reached skill level 8 in Maces & Flails
  7213 | D:7      | Found a hazy altar of Hepliaklqana.
  7731 | D:8      | Noticed a two-headed ogre
  7741 | D:7      | Killed a two-headed ogre
  7742 | D:7      | Reached skill level 9 in Maces & Flails
  7742 | D:7      | Reached skill level 5 in Invocations
  8592 | D:8      | Reached *** piety under Dithmenos
  8659 | D:8      | Reached XP level 10. HP: 70/90 MP: 11/13
  8681 | D:8      | Reached skill level 10 in Maces & Flails
  8954 | D:8      | Noticed Joseph
  8967 | D:8      | Killed Joseph
  9109 | D:8      | Noticed Erica
  9112 | D:8      | HP: 5/136 [orc priest/divine providence (14)]
  9119 | D:8      | HP: 4/91 [Erica/+4 scimitar of flaming (2)]
  9769 | D:8      | Killed Erica
 10150 | D:9      | Reached **** piety under Dithmenos
 10256 | D:9      | Found a staircase to the Lair.
 10694 | D:9      | Killed from afar by an electric eel

Illustrated notes

Levels and vault maps discovered:
D:1:      scummos_arrival_simple_fountains, layout_basic, serial_shops, shop,
          minmay_pentomino_w4
D:2:      minmay_roachtagon, layout_rooms, basic_altar
D:3:      layout_loops_corners, uniq_jessica, uniq_crazy_yiuf_cottage
D:4:      layout_loops_corners, minmay_temple_entry_proselytizer, dk_vineyard_3,
          kennysheep_cross_bottleneck
D:5:      kennysheep_windowed_halls, layout_cave_pools, serial_column_ruins,
          column_ruins_grid_1, column_ruins_grid_1,
          column_ruins_columns_dead_end, column_ruins_columns_corner,
          column_ruins_columns_T, minmay_misc_feat_five
D:6:      layout_loops_ring, fiery_altar_vehumet
D:7:      layout_basic, marbit_many_paths
D:8:      layout_rooms, uniq_erica, uniq_joseph
D:9:      layout_roguey, zin_academy, erik_lair_island, enter_bailey_4
Temple:   nicolae_temple_two_arcs

Skill      XL: |  1  2  3  4  5  6  7  8  9 10 |
---------------+-------------------------------+-----
Fighting       | 4 5 6 7 8 9 |  9.7
Armour         | 4 5 6 7 |  7.6
Shields        | 4 5 6 7 8 9 |  9.7
Maces & Flails | 1 3 5 7 9 10 | 10.9
Invocations    | 2 5 7 |  7.6
Axes           | |  2.5

Action                     |  1- 3 |  4- 6 |  7- 9 | 10-12 || total
---------------------------+-------+-------+-------+-------++-------
  Melee: War axe           |    70 |    74 |       |       ||   144
         Headbutt          |    11 |    16 |    50 |    37 ||   114
         Mace              |       |    56 |   246 |   163 ||   465
 Invoke: Shadow Step       |       |       |       |     2 ||     2
  Evoke: Wand              |       |       |       |     1 ||     1
    Use: Scroll            |     5 |     6 |     9 |     2 ||    22
         Potion            |       |       |     8 |     5 ||    13
 Armour: Scale mail        |    47 |    62 |   136 |    81 ||   326
  Dodge: Dodged            |    45 |    67 |   172 |    80 ||   364
  Block: Buckler           |    15 |    35 |   100 |    33 ||   183
